 Dungeon Crawl Stone Soup version 0.25.1-2-g60ff931df9 (webtiles) character file.

Game seed: 6804429687859749157

96 levstk the Stinger (level 4, 0/38 HPs)
             Began as a Naga Venom Mage on Nov 7, 2020.
             Was an Initiate of Dithmenos.
             Slain by a bullfrog skeleton (3 damage)
             ... on level 3 of the Dungeon.
             The game lasted 00:18:36 (2333 turns).

levstk the Stinger (Naga Venom Mage)                Turns: 2333, Time: 00:18:36

Health: 0/38       AC:  2    Str: 10    XL:     4   Next: 67%
Magic:  3/7        EV: 10    Int: 16    God:    Dithmenos [......]
Gold:   131        SH:  0    Dex: 12    Spells: 2/8 levels left

rFire    . . .     SeeInvis +   a - +0 dagger
rCold    . . .     Gourm    .   (no shield)
rNeg     . . .     Faith    .   d - +0 robe
rPois    +         Spirit   .   (no helmet)
rElec    .         Reflect  .   (no cloak)
rCorr    .         Harm     .   (no gloves)
MR       .....                  (no barding)
Stlth    ++........             (no amulet)
HPRegen  0.12/turn              (no ring)
MPRegen  0.10/turn              (no ring)

@: short of breath, very slow
A: large, see invisible, deformed body, poison resistance, slowness 2, slow
metabolism 1, spit poison 1, AC +1
a: Spit Poison, Renounce Religion


You were on level 3 of the Dungeon.
You worshipped Dithmenos.
Dithmenos was noncommittal.
You were not hungry.

You visited 1 branch of the dungeon, and saw 3 of its levels.

You collected 131 gold pieces.

Inventory:

Hand Weapons
 a - a +0 dagger (weapon)
   (You took it off a kobold on level 1 of the Dungeon)
Missiles
 h - 44 stones (quivered)
 j - 11 poisoned darts
 n - 2 boomerangs
Armour
 d - a +0 robe (worn)
 g - a +1 hat
   (You found it on level 1 of the Dungeon)
Jewellery
 o - a +6 ring of dexterity {unknown}
   (You found it on level 3 of the Dungeon)
 p - an uncursed amulet of the acrobat {unknown}
   (You found it on level 3 of the Dungeon)
Scrolls
 b - a scroll of random uselessness
 c - a scroll of immolation {unknown}
 i - a scroll of blinking {unknown}
 l - 2 scrolls of remove curse {@r2}
Potions
 f - a potion of flight {unknown}
 k - 2 potions of brilliance {unknown}
 m - a potion of curing {unknown}
Comestibles
 e - 4 rations {!d}
 q - 4 chunks of flesh


   Skills:
 - Level 1.0 Fighting
 - Level 1.5 Dodging
 + Level 4.0 Stealth
 + Level 2.5 Spellcasting
 + Level 0.9 Conjurations
 - Level 1.0 Transmutations
 + Level 1.0 Air Magic
 * Level 5.3 Poison Magic


You had 2 spell levels left.
You knew the following spells:

 Your Spells              Type           Power        Failure   Level  Hunger
a - Sting                 Tmut/Pois      ##..         5%          1    #......
d - Mephitic Cloud        Conj/Pois/Air  #.......     22%         3    ###....
s - Poisonous Vapours     Pois/Air       ##....       9%          2    ##.....

Your spell library contained the following spells:

 Spells                   Type           Power        Failure   Level  Hunger
 Olgreb's Toxic Radiance  Pois           ###.....     22%         4    #####..
 Ignite Poison            Fire/Tmut/Pois #.......     24%         3    ###....


Dungeon Overview and Level Annotations

Branches:
Dungeon (3/15)

Altars:
Dithmenos
Ru
Trog


Innate Abilities, Weirdness & Mutations

You cannot wear boots.
Your serpentine skin is tough. (AC +1)
You have supernaturally acute eyesight. (SInv)
Armour fits poorly on your strangely shaped body.
Your system is resistant to poisons. (rPois)
You cover ground very slowly.
You have a slow metabolism.
You can spit poison.


Message History

The bullfrog skeleton barely misses you.
The bullfrog skeleton hits you.
Aim: a bullfrog skeleton (moderately damaged)
The splash of poison hits the bullfrog skeleton.
The bullfrog skeleton completely resists.
You feel slightly more hungry. The bullfrog skeleton hits you.
Aim: a bullfrog skeleton (moderately damaged)
The sting hits the bullfrog skeleton.
The bullfrog skeleton partially resists.
The bullfrog skeleton barely misses you.
Aim: a bullfrog skeleton (moderately damaged)
The sting hits the bullfrog skeleton.
The bullfrog skeleton partially resists.
The bullfrog skeleton completely misses you.
You hit the bullfrog skeleton but do no damage.
The bullfrog skeleton hits you.
* * * LOW HITPOINT WARNING * * *
The bullfrog skeleton hits you.
* * * LOW HITPOINT WARNING * * *
You barely miss the bullfrog skeleton.
The bullfrog skeleton barely misses you.
You hit the bullfrog skeleton.
The bullfrog skeleton hits you but does no damage.
You hit the bullfrog skeleton.
You have got your breath back.
The bullfrog skeleton closely misses you.
The bullfrog skeleton barely misses you.
You hit the bullfrog skeleton. The bullfrog skeleton hits you.
* * * LOW HITPOINT WARNING * * *
As you read the scroll labeled RIXTEU PEIMA, it crumbles to dust.
You feel blessed for a moment.
It was a scroll of remove curse.
The bullfrog skeleton hits you!
* * * LOW HITPOINT WARNING * * *
As you read the scroll labeled QEGUARGHIWNE, it crumbles to dust.
You hear a crunching sound.
It was a scroll of random uselessness.
The bullfrog skeleton hits you.
* * * LOW HITPOINT WARNING * * *
The bullfrog skeleton hits you.
* * * LOW HITPOINT WARNING * * *
Okay, then.
Aim: a bullfrog skeleton (heavily damaged)
The splash of poison hits the bullfrog skeleton.
The bullfrog skeleton completely resists.
You feel slightly more hungry.
The bullfrog skeleton closely misses you.
Aim: a bullfrog skeleton (heavily damaged)
The sting hits the bullfrog skeleton.
The bullfrog skeleton partially resists.
The bullfrog skeleton hits you.
You die...

#. #.# #.# ##.# ..# #
#.# ##.#$##.######
.........Z@..#
#.####.####.# #.#
############# #.#
...........#
#.#########.....##.#
#.......###.###.##รท#
#######.....# #.##.##
#####.###.##...
#.....#####


You could see a bullfrog skeleton.

Vanquished Creatures
  Natasha (D:3)
  2 adders (D:2)
  3 dart slugs (D:1)
  2 leopard geckos (D:1)
  4 giant cockroaches
  4 goblins
  3 hobgoblins
  4 jackals (D:1)
  8 kobolds
  2 quokkas
  5 bats
  A frilled lizard (D:3)
  3 rats
42 creatures vanquished.

Notes
Turn   | Place    | Note
-------+----------+-------------------------------------------
     0 | D:1      | levstk the Naga Venom Mage began the quest for the Orb.
     0 | D:1      | Reached XP level 1. HP: 15/15 MP: 3/3
    78 | D:1      | Reached XP level 2. HP: 21/24 MP: 0/5
   612 | D:1      | Reached XP level 3. HP: 30/30 MP: 4/6
   676 | D:1      | Learned a level 2 spell: Poisonous Vapours
   680 | D:1      | Learned a level 3 spell: Mephitic Cloud
   773 | D:1      | Reached skill level 1 in Fighting
  1491 | D:2      | Reached skill level 5 in Poison Magic
  1491 | D:2      | Reached XP level 4. HP: 24/38 MP: 7/7
  2040 | D:3      | Noticed Natasha
  2047 | D:3      | Killed Natasha
  2205 | D:3      | Reached skill level 1 in Air Magic
  2245 | D:3      | Found a bloodstained altar of Trog.
  2247 | D:3      | Found a shadowy altar of Dithmenos.
  2248 | D:3      | Found a sacrificial altar of Ru.
  2272 | D:3      | Became a worshipper of Dithmenos the Shadowed
  2333 | D:3      | Slain by a bullfrog skeleton

Illustrated notes

Levels and vault maps discovered:
D:1:      scummos_arrival_simple_fountains, layout_loops_ring
D:2:      layout_basic
D:3:      layout_loops_ring, chequers_temple_overflow_statue_of_worship,
          uniq_natasha

Skill      XL: |  1  2  3  4 |
---------------+-------------+-----
Fighting       | 1 |  1.0
Poison Magic   | 5 |  5.3
Stealth        | 4 |  4.0
Air Magic      | 1 |  1.0
Dodging        | |  1.5
Spellcasting   | |  2.5
Conjurations   | |  0.9
Transmutations | |  1.0

Action                   |  1- 3 |  4- 6 || total
-------------------------+-------+-------++-------
Melee: Dagger            |    28 |    17 ||    45
       Unarmed           |     1 |       ||     1
 Cast: Sting             |    13 |     8 ||    21
       Poisonous Vapours |     3 |     4 ||     7
 Abil: Spit Poison       |    19 |     6 ||    25
  Use: Scroll            |       |     2 ||     2
 Stab: Sleeping          |     4 |     3 ||     7
  Eat: Chunk             |     1 |     1 ||     2
       Ration            |       |     1 ||     1
Armor: Robe              |     1 |     2 ||     3
Dodge: Dodged            |    14 |     9 ||    23
